 Dungeon Crawl Stone Soup version 0.16-b1 (webtiles) character file.

11028131 abixa the Conqueror (level 27, 273/273 HPs)
             Began as a Minotaur Berserker on Mar 11, 2015.
             Was the Champion of Makhleb.
             Escaped with the Orb
             ... and 15 runes on Mar 14, 2015!
             The game lasted 21:55:46 (150832 turns).

abixa the Conqueror (Minotaur Berserker)          Turns: 150832, Time: 21:55:46

Health: 273/273    AC: 50    Str: 18    XL:     27
Magic:  12/14      EV: 26    Int:  8    God:    Makhleb [******]
Gold:   14192      SH:  0    Dex: 22    Spells: 7 memorised, 2 levels left

rFire  + + .     SeeInvis +     a - +11 executioner's axe of Armageddon {antimagic, +Blink +Inv +Fly Str-4}
rCold  + + .     Clarity  .     X - +9 armour of the Dragon King {rPois rF+ rC+ MR+}
rNeg   . . .     SustAb   .     (no shield)
rPois  +         Gourm    .     J - +2 hat {MR+}
rElec  .         Spirit   .     n - +2 cloak {rC+}
rCorr  .         Warding  .     Q - +2 pair of gloves
rMut   +         Stasis   .     r - +2 pair of boots {run}
MR     +++++                    w - amulet of Red Wine {rMut SInv} (curse)
Stlth  +.........               C - +6 ring of evasion
                                y - ring of Ghyacz Zauh {rPois rF+ MR+ Int+3}

@: very slightly contaminated, quick, almost entirely resistant to hostile
enchantments, very unstealthy
A: retaliatory headbutt, horns 2
a: Minor Destruction, Lesser Servant of Makhleb, Major Destruction, Greater
Servant of Makhleb, Renounce Religion, Evoke Blink, Evoke Invisibility, Evoke
Flight
0: Orb of Zot
}: 15/15 runes: decaying, slimy, silver, golden, iron, obsidian, icy, bone,
abyssal, demonic, glowing, magical, fiery, dark, gossamer


You escaped.
You worshipped Makhleb.
Makhleb was exalted by your worship.
You were completely stuffed.

You visited 18 branches of the dungeon, and saw 97 of its levels.
You visited Pandemonium 3 times, and saw 36 of its levels.
You visited the Abyss 6 times.
You visited 2 ziggurats, and saw 21 of their levels (deepest: 11).
You also visited: Ice Cave, Volcano and Wizlab.

You collected 18668 gold pieces.
You spent 4476 gold pieces at shops.

Inventory:

Hand weapons
 a - the +11 executioner's axe of Armageddon (weapon) {antimagic, +Blink +Inv +Fly Str-4}
   (Trog gifted it to you on level 3 of the Lair of Beasts)

   It disrupts the flow of magical energy around spellcasters and certain
   magical creatures (including the wielder).
   It affects your strength (-4).
   It lets you turn invisible.
   It lets you fly.
   It lets you blink.
 b - a +9 triple crossbow of freezing
Missiles
 d - 1948 bolts (quivered)
 j - 208 bolts of flame
 o - 173 bolts of penetration
 S - 139 silver bolts
Armour
 k - a cursed +2 pair of boots of flying
 n - a +2 cloak of cold resistance (worn)
 r - a +2 pair of boots of running (worn)
 J - a +2 hat of magic resistance (worn)
 O - a cursed +2 pair of boots of cold resistance
 Q - a +2 pair of gloves (worn)
 X - the +9 armour of the Dragon King (worn) {rPois rF+ rC+ MR+}
   (You found it on level 3 of the Elven Halls)

   It protects you from fire.
   It protects you from cold.
   It protects you from poison.
   It affects your resistance to hostile enchantments.
Jewellery
 c - an uncursed ring of positive energy
 f - the cursed ring "Pli Waho" {MP+9 SInv}
   (You found it on level 3 of a ziggurat)

   [ring of see invisible]

   It affects your magic capacity (+9).
   It enhances your eyesight.
   It has a curse placed upon it.
 i - the ring "Heshevad" {+/*Tele Int+3}
   (You found it on level 3 of the Tomb of the Ancients)

   [ring of teleportation]

   It causes random teleportation, and can be evoked to teleport at will.
   It affects your intelligence (+3).
 w - the cursed amulet of Red Wine (around neck) {rMut SInv}
   (You found it on level 9 of a ziggurat)

   [amulet of resist mutation]

   It protects you from mutation.
   It enhances your eyesight.
   It has a curse placed upon it.
 y - the ring of Ghyacz Zauh (left hand) {rPois rF+ MR+ Int+3}
   (You took it off a balrug in Pandemonium)

   [ring of protection from magic]

   It affects your intelligence (+3).
   It protects you from fire.
   It protects you from poison.
   It affects your resistance to hostile enchantments.
 z - the amulet of Chexih {+Rage rElec rC+}
   (You found it on level 10 of a ziggurat)

   [amulet of rage]

   It protects you from cold.
   It insulates you from electricity.
   It lets you go berserk.
 C - a +6 ring of evasion (right hand)
 D - the amulet "Skuyn" {Gourm rN+ MP+9}
   (You found it on level 7 of the Iron City of Dis)

   [amulet of the gourmand]

   It allows you to eat raw meat even when not hungry.
   It protects you from negative energy.
   It affects your magic capacity (+9).
Magical devices
 E - a wand of digging (0)
 F - a wand of teleportation (3)
 I - a wand of teleportation (7)
 M - a wand of digging (8)
 T - a wand of heal wounds (5)
 W - a wand of hasting (3)
Scrolls
 e - 6 scrolls of fog
 q - 7 scrolls of blinking
 u - 12 scrolls of teleportation
 B - 11 scrolls of identify
 N - a scroll of recharging
 R - 43 scrolls of remove curse
 U - 5 scrolls of silence
Potions
 h - 7 potions of heal wounds
 l - 4 potions of invisibility
 m - 16 potions of curing
 s - 9 potions of agility
 t - 8 potions of resistance
 v - 9 potions of restore abilities
 x - 7 potions of berserk rage
 A - 3 potions of might
 G - 4 potions of cancellation
 H - 2 potions of haste
 L - 3 potions of cure mutation
Miscellaneous
 g - a phial of floods
 p - the horn of Geryon (inert)
 K - a fan of gales
 P - 7 phantom mirrors
 Z - a lamp of fire
Comestibles
 V - 42 bread rations


   Skills:
 O Level 27 Fighting
 O Level 27 Axes
 O Level 27 Crossbows
 + Level 4.3 Throwing
 O Level 27 Armour
 O Level 27 Dodging
 O Level 27 Stealth
 O Level 27 Invocations
 O Level 27 Evocations


You had 2 spell levels left.
You knew the following spells:

 Your Spells              Type           Power        Failure   Level  Hunger
a - Apportation           Tloc           #.........   100%        1    ##.....
b - Swiftness             Chrm/Air       #.......     100%        2    ###....
c - Passage of Golubria   Tloc           N/A          100%        4    #####..
d - Phase Shift           Tloc           #.........   100%        5    ######.
e - Repel Missiles        Chrm/Air       #.....       100%        2    ###....
f - Deflect Missiles      Chrm/Air       #.........   100%        6    #######
g - Control Teleport      Chrm/Tloc      #.........   100%        4    #####..


Dungeon Overview and Level Annotations

Branches:
Dungeon (15/15)            Temple (1/1) D:5            Lair (8/8) D:9
  Swamp (5/5) Lair:3       Spider (5/5) Lair:4        Slime (6/6) Lair:7
    Orc (4/4) D:10            Elf (3/3) Orc:4        Vaults (5/5) D:13
  Crypt (3/3) Vaults:3       Tomb (3/3) Crypt:3      Depths (5/5) D:15
   Hell (1/1)                 Dis (7/7) Hell            Geh (7/7) Hell
    Coc (7/7) Hell            Tar (7/7) Hell            Zot (5/5) Depths:5

Altars:
Ashenzari
Cheibriados
Dithmenos
Elyvilon
Fedhas
Gozag
Kikubaaqudgha
Makhleb
Nemelex Xobeh
Okawaru
Qazlal
Ru
Sif Muna
Trog
Vehumet
Xom
Yredelemnul
Zin
The Shining One
Beogh
Jiyva

Shops:
Orc:1 ?   Orc:4 [*(:   Vaults:1 !   Vaults:5 %??   Depths:2 %

Portals:
Hell: Depths:1 Depths:2 Depths:3 Depths:4 Depths:5
Abyss: Depths:2 Depths:3 Depths:4
Pandemonium: Depths:3

Annotations:
Swamp:1 Nessos
Crypt:3 manual of stealth
Tomb:1 exclusion: door


Innate Abilities, Weirdness & Mutations

You reflexively headbutt those who attack you in melee.
You have a pair of horns on your head.


Message History

Unknown command.
Read which item? (? for menu, Esc to quit)
Okay, then.
Unknown command.
Drink which item? (? for menu, Esc to quit)
You feel your intelligence returning.
Evoke which item? (* to show all) (? for menu, Esc to quit)
Zapping:
T - a wand of heal wounds (6)
Press: ? - help, Shift-Dir - straight line, f - you You feel much better.
This wand has 5 charges left.
Eat which item? (? for menu, Esc to quit)
You continue eating. x2
You finish eating.
That bread ration really hit the spot!
Unknown command.
Unknown command.
Drink which item? (? for menu, Esc to quit)
It has a very clean taste.
You feel agile.
You feel stupid.
You feel more energetic.
Unknown command.
You have escaped!

#............# ##.......#.
#............# #..........
#...........## #...####...
###.........#############...####...
#....#.#...........................
#..........########################
#......#.####......##...# #......
#....#.....##.#######.#.#####.#####
#....#.#......# #@#...#...#...#...#
#....#....###.###.#.#####.#.#.#.###
#...>......##...#...# #.....#...#..
#...#......####.#######.#########.#
#.............#.....#.....#.# #..
#..........##.#####.#.###.#.# ###
##.........##.....#...# #...# #
####......##.###.###.###.#.### #
#####....##...#...#.....#...# ###


There were no monsters in sight!

Vanquished Creatures
  Antaeus (Coc:7)
  Asmodeus (Geh:7)
  Cerebov (Pan)
  the royal jelly (Slime:6)
  the Serpent of Hell (Coc:7)
  Ereshkigal (Tar:7)
  Gloorx Vloq (Pan)
  A seraph (Pan)
  Lom Lobon (Pan)
  Khufu (Crypt:2)
  7 orbs of fire
  9 ancient liches
  5 pandemonium lords
  14 greater mummies
  Sojobo (Depths:2)
  9 shard shrikes
  the Lernaean hydra (Swamp:5)
  7 caustic shrikes
  Saint Roka (Swamp:5)
  2 curse toes
  10 Killer Klowns
  Mara (Depths:1)
  Geryon (Hell)
  5 profane servitors
  12 golden dragons
  8 bone dragons
  2 pearl dragons (Pan)
  15 Brimstone Fiends
  5 hellephants
  3 electric golems
  13 tentacled monstrosities
  23 liches
  35 Ice Fiends
  11 Hell Sentinels
  24 Orb Guardians
  A Cloud Mage (WizLab)
  2 deep elf master archers (Elf:3)
  5 quicksilver dragons
  2 deep elf blademasters (Elf:3)
  12 acid blobs
  19 Shadow Fiends
  15 titans
  A sphinx (shapeshifter) (Zig:6)
  8 warmongers
  13 sphinxes
  28 tentacled starspawn
  34 Executioners
  Rupert (Lair:4)
  14 tengu reavers
  13 shadow dragons
  A draconian monk (Zot:1)
  12 ancient champions
  9 azure jellies
  13 storm dragons
  4 revenants
  12 blood saints
  20 vault wardens
  2 greater nagas (Pan)
  7 corrupters (Pan)
  16 daevas (Pan)
  9 iron dragons
  19 fire giants
  Donald (Swamp:5)
  A fire giant (shapeshifter) (Zig:8)
  Wiglaf (Crypt:1)
  19 frost giants
  Maud (Lair:4)
  8 draconian scorchers
  Aizul (Depths:2)
  6 draconian knights
  36 balrugs
  2 curse skulls (Pan)
  19 emperor scorpions
  21 cacodemons
  2 draconian zealots
  11 deep elf sorcerers
  6 orc warlords
  11 ghost moths
  2 caustic shrike zombies
  13 ophanim (Pan)
  32 very ugly things
  22 angels
  11 ghouls
  10 draconian annihilators
  49 stone giants
  3 spriggan defenders (Depths:3)
  5 draconian shifters
  7 draconian callers
  14 war gargoyles
  19 ironheart preservers
  73 reapers
  8 salamander firebrands
  5 grey draconians
  5 purple draconians
  11 black draconians
  6 green draconians
  20 apis (Pan)
  10 bennus
  9 red draconians
  9 deep elf annihilators
  13 vampire knights
  6 dire elephants
  10 deep elf demonologists
  3 pale draconians
  10 yellow draconians
  4 mottled draconians
  5 white draconians
  7 black suns (Pan)
  10 chaos champions
  11 eidola
  14 green deaths
  8 deep elf death magi
  10 lorocyprocas
  Snorg (Orc:1)
  2 death oozes (Slime:6)
  19 ettins
  6 unborn
  A merfolk javelineer (Depths:4)
  A minotaur (shapeshifter) (Vaults:5)
  4 deep elf high priests
  21 mummy priests
  22 yaktaur captains
  25 blizzard demons
  A merfolk impaler (Depths:4)
  4 quicksilver dragon zombies
  4 minotaurs
  3 kraken zombies (Coc:7)
  A spectral kraken (Tar:7)
  28 fire dragons
  35 vault guards
  10 jiangshi
  14 great orbs of eyes
  14 rakshasas
  8 death cobs
  A quicksilver dragon skeleton (Geh:7)
  28 ice dragons
  A hydra (shapeshifter) (Vaults:1)
  4 catoblepae
  13 centaur warriors
  9 monstrous demonspawn (Pan)
  2 ghost crabs (shapeshifter) (D:15)
  21 ogre magi
  6 spriggan air magi
  9 hell beasts
  14 deep troll earth magi
  23 hydras
  The ghost of McCoppin the Slicer, a powerful KoFi of Okawaru (D:11)
  22 dancing weapons
  5 alligators
  2 anacondas (shapeshifter)
  2 ghost crabs
  6 death knights
  23 death yaks
  4 tengu warriors
  8 deep troll shamans
  7 titan zombies
  5 shock serpents
  3 vampire magi (Crypt:2)
  8 orc high priests
  Urug (D:15)
  12 spriggan berserkers
  9 iron golems
  6 storm dragon zombies
  25 hell hogs
  52 sun demons
  Nergalle (D:10)
  38 soul eaters
  48 thrashing horrors
  An iron troll (shapeshifter) (Zig:5)
  17 shadow wraiths
  An unseen horror (shapeshifter) (D:15)
  17 wretched stars
  3 iron trolls
  A fire crab (Vaults:4)
  31 deep elf knights
  51 hell knights
  26 ice devils
  10 spatial maelstroms
  2 storm dragon skeletons
  5 titan skeletons
  88 large abominations
  A quicksilver dragon simulacrum (Elf:1)
  102 skeletal warriors
  5 death drakes
  15 flayed ghosts
  17 infernal demonspawn (Pan)
  38 death scarabs
  A salamander mystic (Geh:7)
  5 unseen horrors
  11 anaconda zombies
  15 gelid demonspawn (Pan)
  4 ghost moth zombies
  17 cherubim (Pan)
  7 golden dragon zombies
  2 kraken simulacra (Coc:7)
  14 torturous demonspawn (Pan)
  8 wizards
  13 swamp dragons
  12 giant orange brains
  24 shadow demons
  A swamp dragon (shapeshifter) (Vaults:5)
  6 shadow dragon zombies
  125 starcursed masses
  33 deep trolls
  2 lindwurms
  4 ice statues
  17 deep elf summoners
  16 hill giants
  23 necromancers
  A deep troll (shapeshifter) (Depths:3)
  3 tengu zombies
  16 deep elf conjurers
  4 shambling mangroves
  A golden dragon skeleton (Coc:1)
  A deathcap (Zot:3)
  6 wolf spider zombies
  16 putrid demonspawn (Pan)
  43 anubis guards
  23 wolf spiders
  5 anaconda skeletons
  11 ironbrand convokers
  3 oklob plants
  A mana viper (shapeshifter) (Zig:8)
  4 griffons
  A harpy (shapeshifter) (Vaults:1)
  An iron dragon zombie (Geh:7)
  A mana viper (Abyss:2)
  13 human zombies
  28 orb spiders
  A shining eye (shapeshifter) (Zig:6)
  9 hornets
  A wolf spider (shapeshifter) (Depths:3)
  7 fire giant zombies
  7 manticores
  8 stone giant zombies
  3 tengu skeletons
  8 shadow dragon skeletons
  18 worldbinders
  16 orc knights
  An orb spider (shapeshifter) (Depths:4)
  65 ugly things
  4 frost giant zombies
  3 iron dragon skeletons
  36 phantasmal warriors
  12 salamanders
  A death scarab zombie (Tomb:1)
  7 cyclopes
  33 sixfirhies
  18 molten gargoyles
  6 fire giant skeletons
  6 centaur zombies
  A water nymph (shapeshifter) (Zig:6)
  A sphinx skeleton (Depths:2)
  5 stone giant skeletons
  9 frost giant skeletons
  A spriggan zombie (Zig:7)
  10 orc sorcerers
  30 rust devils
  A griffon (shapeshifter) (Depths:3)
  2 shining eyes
  2 shock serpent zombies
  A black mamba (shapeshifter) (Depths:2)
  3 guardian serpents (Abyss:5)
  35 small abominations
  15 elephants
  22 spiny frogs
  33 moths of wrath
  A toenail golem (Volcano)
  9 black mambas
  20 vault sentinels
  6 dire elephant zombies
  5 storm dragon simulacra (Coc:7)
  45 orange demons
  6 gargoyles
  3 dire elephant skeletons
  7 torpor snails
  7 titan simulacra
  11 spectral swamp worms (Tar:7)
  A naga mage (Zig:4)
  A pale draconian zombie (Crypt:1)
  47 smoke demons
  3 emperor scorpion zombies
  15 komodo dragons
  8 apocalypse crabs
  15 efreet
  A komodo dragon (shapeshifter) (Vaults:5)
  A shock serpent skeleton (Dis:7)
  25 tormentors
  27 hellions
  2 catoblepas zombies
  A sea snake zombie (Crypt:2)
  39 guardian mummies
  49 hellwings
  17 deep elf priests
  17 ancient zymes
  9 kobold demonologists
  33 freezing wraiths
  3 spriggan druids
  2 harpy zombies
  82 yaktaurs
  8 anaconda simulacra
  A jumping spider (shapeshifter) (Abyss:1)
  34 jumping spiders
  A yaktaur skeleton (Vaults:4)
  16 hydra zombies
  48 demonic crawlers
  2 tengu conjurers
  4 wandering mushrooms (Zot:3)
  5 silent spectres
  16 polar bears
  A shadow dragon simulacrum (Depths:2)
  26 two-headed ogres
  6 fire drakes
  2 queen bees
  43 red devils
  A baby alligator (shapeshifter) (Vaults:1)
  16 bog bodies
  3 wolf spider simulacra
  Grinder (D:6)
  Prince Ribbit (D:7)
  2 fire vortices (Pan)
  10 wind drakes
  30 blink frogs
  2 harpy skeletons
  A hornet zombie (D:14)
  8 giant leeches
  4 hydra skeletons
  61 raiju
  7 ice dragon zombies
  A wind drake (shapeshifter) (D:15)
  11 fire dragon zombies
  8 ushabtiu
  A two-headed ogre (shapeshifter) (D:15)
  11 ettin zombies
  A slime creature (shapeshifter) (Depths:3)
  28 blue devils
  14 trolls
  A trapdoor spider zombie (Crypt:2)
  4 alligator zombies
  7 boulder beetles
  An iron dragon simulacrum (Elf:1)
  2 frost giant simulacra
  104 flying skulls
  113 slime creatures
  2 spectral elves (Elf:1)
  3 black mamba zombies
  73 redbacks
  3 fire dragon skeletons
  2 fire giant simulacra (Depths:2)
  29 ravens
  24 spriggans
  34 shadows
  A basilisk (Lair:8)
  A dire elephant simulacrum (Abyss:5)
  29 trapdoor spiders
  28 deep elf magi
  3 ice dragon skeletons
  2 tarantellas (shapeshifter)
  55 yaks
  9 water elementals
  The ghost of Swippen the Ruffian, an average TrBe of Trog (D:4)
  11 vampires
  20 humans (D:13)
  8 hungry ghosts
  46 tarantellas
  36 wraiths
  Eustachio (D:4)
  2 alligator skeletons
  4 ettin skeletons
  A spriggan simulacrum (Elf:1)
  35 air elementals
  4 elf skeletons
  A steam dragon (shapeshifter) (Depths:2)
  42 ynoxinuls
  4 black mamba skeletons
  12 chaos spawn
  15 hippogriffs
  33 vampire mosquitoes
  27 wolves
  4 golden eyes
  10 wargs
  56 neqoxecs
  29 deep elf fighters
  19 fire elementals
  A steam dragon (D:13)
  4 mottled dragons
  Edmund (D:4)
  A raven zombie (Crypt:1)
  16 insubstantial wisps
  A deep troll zombie (Crypt:1)
  3 nagas
  A soldier ant (D:13)
  9 spatial vortices
  11 porcupines
  4 raven skeletons (Crypt:3)
  39 swamp worms
  19 water moccasins
  2 hydra simulacra (Coc:7)
  A torturous demonspawn skeleton (Crypt:1)
  7 spiny frog zombies
  A merfolk skeleton (Dis:7)
  55 orc warriors
  59 hell hounds
  9 ice beasts
  3 manticore zombies
  3 sky beasts
  32 spiders
  11 phantoms
  7 black bears
  90 ogres
  A blink frog zombie (Crypt:1)
  24 swamp drakes
  4 eyes of draining
  An ice beast (shapeshifter) (Vaults:3)
  2 snapping turtle zombies
  19 wasps
  A centaur (shapeshifter) (Depths:3)
  24 necrophages
  5 boring beetles
  13 centaurs
  15 crocodiles
  8 snapping turtle skeletons
  An elephant skeleton (Crypt:2)
  10 boggarts
  7 human skeletons
  A manticore skeleton (Geh:7)
  An octopode zombie (Crypt:1)
  Sigmund (D:6)
  7 brain worms
  A giant frog (shapeshifter) (Abyss:2)
  4 earth elementals (Zig:7)
  20 giant frogs
  5 big kobolds
  A wyvern zombie (D:13)
  A polar bear zombie (Crypt:2)
  14 scorpions
  2 troll zombies
  A hell hound skeleton (Hell)
  39 killer bees
  37 wights
  A raiju zombie (Dis:7)
  A troll skeleton (Geh:7)
  22 crimson imps
  4 elf zombies
  4 goliath beetles
  25 jellies
  36 orc priests
  3 electric eels
  10 hounds
  2 human simulacra
  6 centaur skeletons
  6 quasits
  9 iguanas
  An iguana (shapeshifter) (Vaults:1)
  18 iron imps
  Natasha (thrice) (D:4)
  12 worker ants
  38 orc wizards
  10 hell rats
  6 lightning spires (Abyss:3)
  32 sheep
  An ogre zombie (Dis:7)
  A naga zombie (Coc:7)
  A felid skeleton (Crypt:1)
  An ogre skeleton (Geh:7)
  A hound skeleton (D:10)
  62 mummies
  Robin (D:2)
  31 adders
  3 gnolls (D:7)
  71 river rats
  3 giant mites
  12 shadow imps
  2 worms (D:3)
  A giant eyeball (Vaults:4)
  18 white imps
  58 ufetubi
  A lava snake skeleton (Crypt:1)
  6 orc zombies
  4 orc skeletons
  3 adder skeletons
  5 giant geckos
  274 orcs
  23 bats
  3 bat skeletons
  8 giant cockroaches
  2 gnoll zombies (D:9)
  33 goblins
  23 hobgoblins
  12 jackals
  34 kobolds
  20 quokkas
  A ball python (D:8)
  A giant gecko skeleton (D:6)
  4 giant newts
  3 lurking horrors
  13 rats
  A spectral orc (D:10)
  9 ballistomycetes
  2 briar patches (Swamp:5)
  2 crawling corpses
  11 fungi
  6 grand avatars
  11 plants
  30 starspawn tentacles
  5 tentacles
6813 creatures vanquished.

Vanquished Creatures (collateral kills)
  Mnoleg (Pan)
  Dispater (Dis:7)
  An ancient lich (Zot:5)
  A Killer Klown (Zig:6)
  2 caustic shrikes (Depths:2)
  Mennas (Pan)
  A golden dragon (Depths:4)
  Arachne (Spider:3)
  A Brimstone Fiend (Dis:7)
  A lich (Tar:7)
  A titan (Vaults:5)
  2 Shadow Fiends (Tar:7)
  2 tentacled starspawn (Abyss:5)
  An Executioner (Pan)
  An ancient champion (Zig:9)
  An azure jelly (Slime:6)
  2 tengu reavers (Depths:4)
  A thorn hunter (Swamp:5)
  A shadow dragon (Vaults:5)
  A revenant (Zig:9)
  A frost giant (Depths:4)
  2 reapers
  An emperor scorpion (Spider:5)
  A ghoul (Zig:9)
  A draconian annihilator (Depths:5)
  A very ugly thing (Abyss:5)
  A war gargoyle (Vaults:5)
  A stone giant (Hell)
  An apis (Pan)
  A vampire knight (Zig:9)
  A purple draconian (Depths:5)
  An unborn (Zig:9)
  A red draconian (Depths:5)
  2 eidola (Zig:9)
  2 deep elf death magi
  2 blizzard demons (Pan)
  A yaktaur captain (Vaults:5)
  A green death (Zig:11)
  A deep troll shaman (Depths:4)
  A death yak (Depths:4)
  A storm dragon zombie (Dis:7)
  A soul eater (Tar:7)
  A wretched star (Abyss:5)
  2 skeletal warriors (Dis:3)
  2 deep trolls
  A flayed ghost (Zig:9)
  An anubis guard (Tomb:2)
  A shadow dragon zombie (Dis:7)
  An orc knight (Vaults:5)
  A hill giant (Hell)
  A deep elf conjurer (Elf:1)
  2 orb spiders
  A phantasmal warrior (Vaults:5)
  A sixfirhy (Abyss:5)
  A sphinx skeleton (Tomb:1)
  A vault sentinel (Vaults:5)
  A rust devil (Dis:7)
  5 smoke demons
  A spectral swamp worm (Tar:7)
  A fire drake (Zot:5)
  A tormentor (Tar:7)
  A yaktaur (Depths:2)
  2 hellwings (Pan)
  A deep elf priest (Vaults:5)
  A guardian mummy (Tomb:3)
  An ancient zyme (Abyss:5)
  5 blink frogs
  2 fire vortices (Pan)
  A two-headed ogre (Depths:4)
  4 large abominations
  A raiju (Abyss:5)
  A trapdoor spider (Spider:5)
  A deep elf fighter (Vaults:4)
  2 neqoxecs (Pan)
  A deep elf mage (Elf:1)
  A black bear (Geh:7)
  A centaur (D:7)
  An ogre (Depths:4)
  A necrophage (Tar:7)
  A spectral elf (Elf:1)
  An earth elemental (Abyss:5)
  3 killer bees (D:7)
  A starcursed mass (Abyss:5)
  A lightning spire (Zig:9)
  An orc (Vaults:5)
  A grand avatar (Zig:11)
  A macabre mass (Elf:1)
  A starspawn tentacle (Abyss:5)
115 creatures vanquished.

Vanquished Creatures (others)
  5 Executioners
  A lich (Abyss:1)
  5 eldritch tentacles
  An ancient champion (Tomb:2)
  5 balrugs
  5 cacodemons
  A draconian zealot (Zot:3)
  A ghost moth (Zot:3)
  2 stone giants
  An unborn (Tomb:2)
  6 green deaths
  7 blizzard demons
  An ice dragon (Depths:2)
  A ghost crab (Swamp:5)
  2 ogre magi
  A hell hog (Abyss:5)
  A golden dragon zombie (Zot:5)
  3 anubis guards (Tomb:3)
  2 hill giants
  2 fire giant zombies
  2 necromancers
  An ugly thing (Lair:3)
  A sixfirhy (Abyss:5)
  A stone giant skeleton (Geh:7)
  A pale draconian zombie (Zot:5)
  A hellwing (Pan)
  A guardian mummy (Zig:4)
  A harpy zombie (Tomb:2)
  A freezing wraith (Coc:7)
  A troll (Depths:5)
  6 fire elementals
  5 fire vortices
  A raven (Swamp:5)
  A two-headed ogre (Depths:2)
  A spriggan (Swamp:5)
  4 air elementals
  A trapdoor spider (Spider:3)
  2 shadows (Geh:2)
  5 flying skulls
  3 small abominations
  A wraith (Dis:7)
  12 water elementals
  2 ynoxinuls
  4 large abominations
  A deep troll zombie (Vaults:5)
  A wasp (Swamp:5)
  2 ogres (Depths:2)
  10 lost souls
  3 wights (Geh:3)
  An orc wizard (Orc:1)
  4 mummies (Tomb:2)
  8 ufetubi
  2 orcs
  4 giant spores
  3 lurking horrors
  An orc zombie (Hell)
  455 eldritch tentacle segments
  15 fungi
  5 plants
  56 starspawn tentacles
  608 starspawn tentacle segments
  28 tentacles
  824 tentacle segments
2143 creatures vanquished.

Grand Total: 9071 creatures vanquished

Notes
Turn   | Place    | Note
--------------------------------------------------------------
     0 | D:1      | abixa, the Minotaur Berserker, began the quest for the Orb.
     0 | D:1      | Reached XP level 1. HP: 19/19 MP: 1/1
   164 | D:1      | Reached skill level 4 in Axes
   343 | D:1      | Reached XP level 2. HP: 26/26 MP: 1/1
   420 | D:1      | Acquired Trog's second power
   638 | D:2      | Reached skill level 5 in Axes
   679 | D:2      | Reached XP level 3. HP: 28/31 MP: 2/2
   772 | D:2      | Noticed Robin
   810 | D:2      | Killed Robin
   810 | D:2      | Reached skill level 6 in Axes
   810 | D:2      | Reached XP level 4. HP: 17/39 MP: 2/2
  1599 | D:3      | Reached XP level 5. HP: 45/45 MP: 2/2
  1641 | D:3      | Reached skill level 7 in Axes
  2309 | D:4      | Noticed Swippen's ghost (average TrBe)
  2464 | D:4      | Reached XP level 6. HP: 25/53 MP: 3/3
  2470 | D:4      | Reached skill level 5 in Fighting
  2730 | D:4      | Acquired Trog's third power
  2730 | D:4      | Reached skill level 8 in Axes
  2877 | D:4      | Noticed Edmund
  2891 | D:4      | Killed Edmund
  2951 | D:4      | Noticed Eustachio
  3004 | D:4      | Killed Eustachio
  3004 | D:4      | Reached XP level 7. HP: 23/63 MP: 3/3
  3060 | D:4      | Noticed a phantom
  3409 | D:4      | Noticed a phantom
  3431 | D:4      | Killed a phantom
  3431 | D:4      | Reached skill level 9 in Axes
  3881 | D:4      | Found a burning altar of Makhleb.
  3881 | D:4      | Noticed a cacodemon
  3889 | D:4      | Noticed Natasha
  3895 | D:4      | Killed Natasha
  3963 | D:4      | Killed Swippen's ghost
  4025 | D:4      | Noticed Natasha
  4027 | D:4      | Killed Natasha
  4039 | D:4      | Killed a phantom
  4039 | D:4      | Reached XP level 8. HP: 51/71 MP: 3/3
  4047 | D:5      | Entered Level 5 of the Dungeon
  4472 | D:5      | Found an iron altar of Okawaru.
  4610 | D:5      | Found a staircase to the Ecumenical Temple.
  4617 | Temple   | Entered the Ecumenical Temple
  4868 | D:5      | Got a jewelled leather armour
  4879 | D:5      | Identified the +2 leather armour "Yjaez" {Int+5} (You found it on level 5 of the Dungeon)
  5053 | D:5      | Found a sparkling altar of Nemelex Xobeh.
  5091 | D:5      | Found a snail-covered altar of Cheibriados.
  5162 | D:5      | Received a gift from Trog
  5449 | D:6      | Reached skill level 10 in Axes
  5470 | D:6      | Reached skill level 5 in Armour
  5584 | D:6      | Noticed Grinder
  5585 | D:6      | Noticed Sigmund
  5592 | D:6      | Killed Grinder
  5592 | D:6      | Reached skill level 5 in Dodging
  5592 | D:6      | Killed Sigmund
  5700 | D:6      | Reached XP level 9. HP: 46/78 MP: 4/4
  6434 | D:4      | Noticed Natasha
  6438 | D:4      | Killed Natasha
  6845 | D:7      | Reached skill level 11 in Axes
  7014 | D:7      | Found a glowing golden altar of the Shining One.
  7014 | D:7      | Found a deep blue altar of Sif Muna.
  7026 | D:7      | Found a shimmering altar of Xom.
  7683 | D:7      | Found a blossoming altar of Fedhas.
  7684 | D:7      | Found a shadowy altar of Dithmenos.
  7708 | D:7      | Noticed Prince Ribbit
  8060 | D:7      | Killed Prince Ribbit
  8583 | D:8      | Found a stormy altar of Qazlal.
  8956 | D:9      | Found a staircase to the Lair.
  9200 | D:9      | Reached skill level 12 in Axes
  9262 | D:9      | Reached XP level 10. HP: 82/84 MP: 4/4
  9689 | D:9      | Received a gift from Trog
 10088 | D:9      | Reached skill level 10 in Armour
 10191 | D:9      | Found a basalt altar of Yredelemnul.
 10197 | D:9      | Got a translucent ring mail
 10264 | D:9      | Found a glowing silver altar of Zin.
 10432 | D:10     | Entered Level 10 of the Dungeon
 10442 | D:10     | Reached skill level 13 in Axes
 10450 | D:10     | Found a staircase to the Orcish Mines.
 10474 | D:10     | Noticed Nergalle
 10483 | D:10     | Killed Nergalle
 10501 | D:10     | Identified the cursed -2 ring mail of the Stag {rElec rPois rF+ Int-4} (You found it on level 9 of the Dungeon)
 10501 | D:10     | Lost intelligence.
 10967 | Orc:1    | Entered Level 1 of the Orcish Mines
 11061 | Orc:1    | Received a gift from Trog
 11243 | Orc:1    | Found a radiant altar of Vehumet.
 11321 | Orc:1    | Found Topiok's Magic Scroll Shoppe.
 11349 | Orc:1    | Bought a scroll of remove curse for 48 gold pieces
 11349 | Orc:1    | Bought a scroll of identify for 32 gold pieces
 11349 | Orc:1    | Bought a scroll of identify for 32 gold pieces
 11428 | Orc:1    | Noticed Snorg
 11437 | Orc:1    | Killed Snorg
 11437 | Orc:1    | Reached XP level 11. HP: 76/91 MP: 4/4
 11650 | Orc:2    | Reached skill level 14 in Axes
 11657 | Orc:2    | Found a roughly hewn altar of Beogh.
 11724 | Orc:2    | Received a gift from Trog
 12152 | Lair:1   | Entered Level 1 of the Lair of Beasts
 12301 | D:11     | Received a gift from Trog
 12535 | D:11     | Noticed a hill giant
 12542 | D:11     | Killed a hill giant
 12758 | D:11     | Noticed McCoppin's ghost (powerful KoFi)
 12769 | D:11     | Killed McCoppin's ghost
 12817 | D:12     | Found a frozen archway.
 12817 | D:12     | Noticed an ice statue
 12866 | D:12     | Killed an ice statue
 12866 | D:12     | Reached skill level 15 in Axes
 13052 | IceCv    | Entered an ice cave
 13095 | IceCv    | Noticed an ice statue
 13095 | IceCv    | Noticed an ice statue
 13109 | IceCv    | Killed an ice statue
 13226 | IceCv    | Killed an ice statue
 13821 | IceCv    | Reached XP level 12. HP: 98/100 MP: 5/5
 13839 | IceCv    | Noticed an ice devil
 13855 | IceCv    | Killed an ice devil
 14912 | Lair:1   | Reached skill level 16 in Axes
 14962 | Lair:1   | Received a gift from Trog
 15066 | Lair:1   | Reached skill level 1 in Crossbows
 15869 | Lair:2   | Reached skill level 5 in Crossbows
 15954 | Lair:2   | Received a gift from Trog
 16741 | Lair:3   | Received a gift from Trog
 16853 | Lair:3   | Got a steaming executioner's axe {god gift}
 16863 | Lair:2   | Identified the +11 executioner's axe of Armageddon {antimagic, +Blink +Inv +Fly Str-4} (Trog gifted it to you on level 3 of the Lair of Beasts)
 17037 | Lair:3   | Noticed an eight-headed hydra
 17077 | Lair:3   | Killed a 11-headed hydra
 17349 | Lair:3   | Found a staircase to the Swamp.
 17805 | Lair:3   | Reached XP level 13. HP: 95/108 MP: 1/5
 17974 | Lair:3   | Received a gift from Trog
 18622 | Lair:4   | Found a dark tunnel.
 18633 | Volcano  | Entered a volcano
 18723 | Volcano  | Reached skill level 17 in Axes
 18890 | Volcano  | Got a spiked fire dragon armour
 19009 | Lair:4   | Noticed Maud
 19021 | Lair:4   | Killed Maud
 19129 | Lair:4   | Noticed Rupert
 19141 | Lair:4   | Killed Rupert
 19158 | Lair:4   | Identified the cursed -4 fire dragon armour "Viapnuew" {Contam rElec rF++ rC- rCorr Int+2 SInv} (You found it in a volcano)
 19230 | Lair:4   | Received a gift from Trog
 19314 | Lair:4   | Found a hole to the Spider Nest.
 19366 | Lair:4   | Found a bloodstained altar of Trog.
 19377 | Lair:4   | Reached skill level 10 in Fighting
 19750 | Lair:5   | Received a gift from Trog
 19930 | Lair:5   | Received a gift from Trog
 20251 | Lair:5   | Received a gift from Trog
 20390 | Lair:6   | Reached skill level 18 in Axes
 20710 | Lair:6   | Received a gift from Trog
 21371 | Lair:6   | Reached XP level 14. HP: 121/124 MP: 1/5
 21640 | Lair:7   | Received a gift from Trog
 21808 | Lair:7   | Found a staircase to the Slime Pits.
 22214 | Lair:3   | Received a gift from Trog
 23206 | Lair:8   | Entered Level 8 of the Lair of Beasts
 23309 | Lair:8   | Got a steaming scale mail
 23378 | Lair:8   | Received a gift from Trog
 23379 | Lair:8   | Got a bloodstained battleaxe {god gift}
 24036 | Lair:8   | Reached skill level 10 in Dodging
 24075 | Lair:8   | Reached skill level 19 in Axes
 24534 | Lair:8   | Received a gift from Trog
 24621 | Lair:8   | Received a gift from Trog
 25030 | Lair:2   | Identified the +7 battleaxe "Undertaker" {chop, rN++} (Trog gifted it to you on level 8 of the Lair of Beasts)
 25195 | Orc:3    | Found a burning altar of Makhleb.
 25527 | Orc:3    | Received a gift from Trog
 25674 | Orc:4    | Entered Level 4 of the Orcish Mines
 25896 | Orc:4    | Found a staircase to the Elven Halls.
 26277 | Orc:4    | Received a gift from Trog
 26379 | Orc:4    | Received a gift from Trog
 26608 | Orc:4    | Noticed an orc warlord
 26653 | Orc:4    | Killed an orc warlord
 26653 | Orc:4    | Received a gift from Trog
 26968 | Orc:4    | Received a gift from Trog
 27007 | Orc:4    | Reached XP level 15. HP: 132/134 MP: 2/6
 27074 | Orc:4    | Received a gift from Trog
 27125 | Orc:4    | Found Strewibb's Antique Armour Shoppe.
 27126 | Orc:4    | Found Kleig's Antique Weapon Shoppe.
 27127 | Orc:4    | Found Shuy's General Store.
 27127 | Orc:4    | Found Saraina's Book Emporium.
 27131 | Orc:4    | Bought a scroll of identify for 26 gold pieces
 27131 | Orc:4    | Bought a scroll of identify for 26 gold pieces
 27635 | Orc:4    | Bought a scroll of blinking for 97 gold pieces
 27846 | Lair:2   | Identified a scroll of acquirement
 27916 | Lair:3   | Received a gift from Trog
 27986 | Swamp:1  | Entered Level 1 of the Swamp
 28147 | Lair:2   | Got an ichor-stained buckler
 28555 | D:12     | Noticed a tengu warrior
 28556 | D:12     | Noticed a tengu warrior
 28558 | D:12     | Killed a tengu warrior
 28564 | D:12     | Killed a tengu warrior
 28564 | D:12     | Received a gift from Trog
 29414 | D:13     | Reached skill level 15 in Dodging
 29451 | D:13     | Received a gift from Trog
 29500 | D:13     | Found a gate to the Vaults.
 29517 | D:13     | Identified the Incunabulum of the Eight Lies
 29617 | D:13     | Received a gift from Trog
 29820 | D:14     | You fall through a shaft!
 29820 | D:15     | Entered Level 15 of the Dungeon
 30694 | D:15     | Received a gift from Trog
 30988 | D:15     | Noticed Urug
 31008 | D:15     | Killed Urug
 31492 | D:15     | Reached XP level 16. HP: 141/141 MP: 2/6
 31616 | D:15     | Received a gift from Trog
 31644 | D:15     | Found a staircase to the Depths.
 31865 | D:15     | Found a sacrificial altar of Ru.
 32678 | Swamp:1  | Received a gift from Trog
 33426 | Swamp:1  | Noticed Nessos
 34523 | Swamp:2  | Reached skill level 15 in Armour
 34977 | Swamp:2  | Received a gift from Trog
 35360 | Spider:1 | Entered Level 1 of the Spider Nest
 35494 | Spider:1 | Reached skill level 20 in Axes
 35831 | Spider:1 | Received a gift from Trog
 36832 | Spider:2 | Received a gift from Trog
 36919 | Spider:2 | Reached skill level 10 in Crossbows
 37499 | Spider:2 | Got a smoking ring mail
 37518 | Spider:2 | Received a gift from Trog
 37861 | Spider:2 | Reached XP level 17. HP: 141/152 MP: 2/6
 38202 | Spider:3 | Received a gift from Trog
 38236 | Spider:3 | Received a gift from Trog
 38705 | Spider:2 | Received a gift from Trog
 39319 | Spider:3 | Noticed Arachne
 39336 | Spider:3 | Killed Arachne
 39998 | Spider:4 | Received a gift from Trog
 41161 | Spider:4 | Received a gift from Trog
 41273 | Spider:4 | Received a gift from Trog
 41544 | Spider:4 | Received a gift from Trog
 42072 | Spider:4 | Received a gift from Trog
 42247 | Spider:5 | Entered Level 5 of the Spider Nest
 42640 | Spider:5 | Reached skill level 15 in Crossbows
 42682 | Spider:5 | Received a gift from Trog
 42811 | Spider:5 | Received a gift from Trog
 43935 | Spider:5 | Received a gift from Trog
 44509 | Spider:5 | Reached XP level 18. HP: 124/160 MP: 7/7
 44834 | Spider:5 | Received a gift from Trog
 45183 | Spider:5 | Got a gossamer rune of Zot
 45985 | Swamp:3  | Received a gift from Trog
 46126 | Swamp:3  | Received a gift from Trog
 47456 | Swamp:4  | Received a gift from Trog
 47812 | Swamp:5  | Entered Level 5 of the Swamp
 47967 | Swamp:5  | Noticed Donald
 47985 | Swamp:5  | Killed Donald
 48022 | Swamp:5  | Received a gift from Trog
 49238 | Swamp:5  | Noticed the 27-headed Lernaean hydra
 49284 | Swamp:5  | Killed the 22-headed Lernaean hydra
 49289 | Swamp:5  | Received a gift from Trog
 49468 | Swamp:5  | Noticed Saint Roka
 49510 | Swamp:5  | Killed Saint Roka
 49682 | Swamp:5  | Got a decaying rune of Zot
 50238 | Vaults:1 | Entered Level 1 of the Vaults
 50460 | Vaults:1 | Reached XP level 19. HP: 32/168 MP: 3/7
 50465 | Vaults:1 | HP: 3/168 [battlesphere[a tengu reaver] (24)]
 50816 | Vaults:1 | Got a faintly humming chain mail
 50926 | Vaults:1 | Received a gift from Trog
 51413 | Vaults:1 | Received a gift from Trog
 51434 | Vaults:1 | Gained mutation: You are resistant to hostile enchantments. [potion of beneficial mutation]
 51730 | Vaults:1 | Found Ninuilyd's Distillery.
 51752 | Vaults:1 | Received a gift from Trog
 51960 | Vaults:1 | Reached skill level 15 in Fighting
 52588 | Vaults:1 | Received a gift from Trog
 52776 | Vaults:1 | Received a gift from Trog
 52790 | Vaults:1 | Got a transparent triple crossbow {god gift}
 52803 | Vaults:1 | Identified the +0 triple crossbow "Cuyd Goi" {venom, Int+5 Dex-3} (Trog gifted it to you on level 1 of the Vaults)
 53776 | Elf:1    | Entered Level 1 of the Elven Halls
 53862 | Elf:1    | Noticed a bone dragon
 53884 | Elf:1    | Killed a bone dragon
 54010 | Elf:1    | Identified Kikubaaqudgha's Collected Works on Black Arts
 54831 | Elf:1    | Received a gift from Trog
 54982 | Elf:1    | Received a gift from Trog
 55863 | Elf:2    | Received a gift from Trog
 55998 | Elf:2    | Found a huge runed gate.
 55998 | Elf:2    | Found a huge runed gate.
 55999 | Elf:2    | Found a huge runed gate.
 55999 | Elf:2    | Found a huge runed gate.
 55999 | Elf:2    | Found a huge runed gate.
 57055 | Vaults:2 | Received a gift from Trog
 57824 | Vaults:2 | Reached XP level 20. HP: 180/180 MP: 3/7
 57865 | Vaults:2 | Received a gift from Trog
 57981 | Vaults:2 | Received a gift from Trog
 59641 | Orc:4    | Bought a pitted chain mail for 332 gold pieces
 59777 | Orc:1    | Bought a scroll of enchant armour for 120 gold pieces
 59777 | Orc:1    | Bought a scroll of enchant weapon for 120 gold pieces
 60178 | Depths:1 | Entered Level 1 of the Depths
 60184 | Depths:1 | Received a gift from Trog
 60189 | Depths:1 | Noticed Mara
 60399 | Depths:1 | Noticed abixa's illusion
 60803 | Vaults:3 | Received a gift from Trog
 61166 | Vaults:3 | Found a staircase to the Crypt.
 61166 | Vaults:3 | Found a basalt altar of Yredelemnul.
 61166 | Vaults:3 | Found an ancient bone altar of Kikubaaqudgha.
 61216 | Vaults:3 | Received a gift from Trog
 61664 | Vaults:4 | Received a gift from Trog
 62317 | Vaults:3 | Received a gift from Trog
 62403 | Vaults:1 | Got a crude arbalest {god gift}
 62404 | Vaults:1 | Identified the +6 arbalest "Uxzeugat" {velocity, rElec} (Trog gifted it to you on level 1 of the Vaults)
 62805 | Vaults:4 | Reached skill level 21 in Armour
 62833 | Vaults:4 | Received a gift from Trog
 62998 | Vaults:4 | Received a gift from Trog
 63894 | Vaults:4 | Received a gift from Trog
 63942 | Vaults:4 | Reached XP level 21. HP: 143/188 MP: 2/8
 63986 | Vaults:4 | Reached skill level 22 in Armour
 64211 | Vaults:4 | Received a gift from Trog
 64376 | Vaults:4 | Noticed an ancient lich
 65037 | Vaults:4 | Killed an ancient lich
 65314 | Vaults:4 | Paralysed by a giant eyeball for 4 turns
 65929 | Vaults:4 | Received a gift from Trog
 66397 | D:15     | Received a gift from Trog
 66679 | Depths:1 | Noticed abixa's illusion
 66822 | Depths:1 | Killed Mara
 66824 | Depths:1 | Received a gift from Trog
 67734 | Depths:1 | Found a gateway to Hell.
 68908 | Depths:2 | Noticed Sojobo
 68934 | Depths:1 | Received a gift from Trog
 69167 | Depths:2 | Killed Sojobo
 69412 | Depths:2 | Received a gift from Trog
 69485 | Depths:2 | Found a one-way gate to the infinite horrors of the Abyss.
 69543 | Depths:2 | Reached skill level 23 in Axes
 69543 | Depths:2 | Reached XP level 22. HP: 147/199 MP: 2/8
 70052 | Depths:2 | Got a brightly glowing plate armour
 70075 | Depths:2 | Identified the +6 plate armour of Bocusogy {rElec rPois MR+ Str+6 Dex-4} (You found it on level 2 of the Depths)
 70470 | Depths:2 | Received a gift from Trog
 70584 | Depths:2 | Received a gift from Trog
 70646 | Depths:2 | Received a gift from Trog
 70646 | Depths:2 | Reached skill level 24 in Axes
 71280 | Depths:2 | Noticed Aizul
 71297 | Depths:2 | Killed Aizul
 71519 | Depths:2 | Found Buzeufo's Food Shop.
 71524 | Depths:2 | Received a gift from Trog
 71826 | Depths:2 | Received a gift from Trog
 72096 | Depths:2 | Reached skill level 25 in Axes
 72112 | Depths:2 | Noticed a caustic shrike
 72147 | Depths:2 | Noticed a caustic shrike
 72148 | Depths:2 | Noticed a caustic shrike
 72148 | Depths:2 | Noticed a caustic shrike
 72171 | Depths:2 | Killed a caustic shrike
 72171 | Depths:2 | Killed a caustic shrike
 72176 | Depths:2 | Noticed a caustic shrike
 72181 | Depths:2 | Killed a caustic shrike
 72640 | Depths:2 | Killed a caustic shrike
 72714 | Depths:2 | Killed a caustic shrike
 72818 | Depths:2 | Noticed a caustic shrike
 72826 | Depths:2 | Killed a caustic shrike
 72832 | Depths:2 | Noticed a caustic shrike
 72835 | Depths:2 | Noticed a caustic shrike
 72835 | Depths:2 | Killed a caustic shrike
 72839 | Depths:2 | Killed a caustic shrike
 73108 | Depths:2 | Received a gift from Trog
 73236 | Depths:2 | Reached skill level 26 in Axes
 73238 | Depths:2 | Received a gift from Trog
 74005 | Lair:2   | Identified the cursed -5 chain mail of Proximity {+Fly rPois rC+} (You found it on level 1 of the Vaults)
 74006 | Lair:2   | Identified the +0 chain mail "Unats" {rF++ rC- rN+ Dex+4} (You bought it in a shop on level 4 of the Orcish Mines)
 74349 | Elf:2    | Reached XP level 23. HP: 204/206 MP: 2/8
 74835 | Elf:3    | Entered Level 3 of the Elven Halls
 75136 | Elf:3    | Received a gift from Trog
 75185 | Elf:3    | Found a radiant altar of Vehumet.
 75673 | Elf:3    | Received a gift from Trog
 75683 | Elf:3    | Got a polished executioner's axe {god gift}
 75904 | Elf:3    | Identified the -2 executioner's axe "Xeoteczi" {freeze, *Rage rF+ Dex+6} (Trog gifted it to you on level 3 of the Elven Halls)
 76113 | Elf:3    | Got a vibrating bone ring
 76158 | Elf:3    | Identified the Collected Works on Beguiling
 76199 | Elf:3    | Identified the Handbook of Noxious Combat Magic (You found it on level 3 of the Elven Halls)
 76203 | Elf:3    | Received a gift from Trog
 76256 | Elf:3    | Identified the cursed ring of the Monkey's Uncle {rPois rC- AC-3 Str-4 Int+7} (You took it off a deep elf annihilator on level 3 of the Elven Halls)
 76686 | Lair:2   | Identified a +2 rod of destruction (10/10) (You took it off a deep elf summoner on level 3 of the Elven Halls)
 77504 | Depths:2 | Received a gift from Trog
 78023 | Depths:3 | Found a one-way gate leading to the halls of Pandemonium.
 78056 | Depths:3 | Found a shadowy altar of Dithmenos.
 78056 | Depths:3 | Found a stormy altar of Qazlal.
 78056 | Depths:3 | Found a basalt altar of Yredelemnul.
 78335 | Depths:3 | Received a gift from Trog
 78746 | Depths:3 | Received a gift from Trog
 78994 | Depths:3 | Got a transparent plate armour
 79008 | Depths:3 | Received a gift from Trog
 79034 | Depths:4 | Reached XP level 24. HP: 181/231 MP: 3/9
 79050 | Depths:4 | Received a gift from Trog
 79076 | Depths:4 | Received a gift from Trog
 79499 | Depths:3 | Received a gift from Trog
 79896 | Depths:3 | Noticed an ancient lich
 79912 | Depths:3 | Killed an ancient lich
 80140 | Depths:3 | Identified the cursed -2 plate armour of the Demon Prince {rElec Dex+4 Slay-5} (You found it on level 3 of the Depths)
 80233 | Depths:3 | Received a gift from Trog
 81288 | D:13     | Received a gift from Trog
 81679 | Depths:4 | Found a gateway to a ziggurat.
 82036 | Depths:4 | Identified Sif Muna's Almanac of Gliding Poison
 82381 | Depths:4 | Received a gift from Trog
 82743 | Depths:5 | Entered Level 5 of the Depths
 82809 | Depths:5 | Reached XP level 25. HP: 123/243 MP: 3/9
 83018 | Depths:5 | Found a gate to the Realm of Zot.
 83024 | Depths:5 | Received a gift from Trog
 83244 | Depths:5 | Received a gift from Trog
 83314 | Depths:5 | Received a gift from Trog
 83760 | Depths:5 | Found a runed door.
 84917 | Vaults:5 | Entered Level 5 of the Vaults
 84920 | Vaults:5 | Noticed an ancient lich
 85035 | Vaults:4 | Received a gift from Trog
 85097 | Vaults:4 | Received a gift from Trog
 85619 | Vaults:5 | Killed an ancient lich
 86009 | Vaults:5 | Received a gift from Trog
 86071 | Vaults:5 | Identified the Disquisition on Twisted Attacks
 86202 | Vaults:5 | Received a gift from Trog
 86211 | Vaults:5 | Identified Sif Muna's Disquisition on Boosts
 86478 | Vaults:4 | Received a gift from Trog
 86737 | Vaults:4 | Received a gift from Trog
 86963 | Vaults:4 | Reached XP level 26. HP: 232/250 MP: 3/9
 87007 | Vaults:4 | Received a gift from Trog
 88011 | Vaults:5 | Identified the Disquisition on the Birds and Battle Magic
 88083 | Vaults:5 | Received a gift from Trog
 88757 | Vaults:5 | Found Bloc's Magic Scroll Shoppe.
 88771 | Vaults:5 | Found Amaas' Magic Scroll Emporium.
 88786 | Vaults:5 | Got a silver rune of Zot
 88820 | Vaults:5 | Found Posieg's Food Emporium.
 88845 | Vaults:5 | Bought a scroll of teleportation for 48 gold pieces
 88845 | Vaults:5 | Bought a scroll of vulnerability for 120 gold pieces
 88845 | Vaults:5 | Bought a scroll of acquirement for 832 gold pieces
 88845 | Vaults:5 | Bought a scroll of blinking for 120 gold pieces
 88845 | Vaults:5 | Bought a scroll of fog for 32 gold pieces
 88845 | Vaults:5 | Bought a scroll of magic mapping for 56 gold pieces
 88964 | Vaults:5 | Bought a scroll of blinking for 135 gold pieces
 88964 | Vaults:5 | Bought a scroll of teleportation for 54 gold pieces
 88964 | Vaults:5 | Bought a scroll of vulnerability for 135 gold pieces
 88964 | Vaults:5 | Bought a scroll of acquirement for 936 gold pieces
 88964 | Vaults:5 | Bought a scroll of blinking for 135 gold pieces
 89454 | Hell     | Entered the Vestibule of Hell
 89454 | Hell     | Noticed Geryon
 89480 | Hell     | Killed Geryon
 89586 | Depths:3 | Received a gift from Trog
 91367 | Hell     | Received a gift from Trog
 91421 | Hell     | Found a gateway to the Iron City of Dis.
 91558 | Hell     | Received a gift from Trog
 92182 | Vaults:1 | Bought 2 potions of heal wounds for 180 gold pieces
 92182 | Vaults:1 | Bought a potion of restore abilities for 90 gold pieces
 92182 | Vaults:1 | Bought a potion of restore abilities for 90 gold pieces
 92182 | Vaults:1 | Bought a potion of curing for 54 gold pieces
 92182 | Vaults:1 | Bought a potion of heal wounds for 90 gold pieces
 92182 | Vaults:1 | Bought a potion of restore abilities for 90 gold pieces
 92182 | Vaults:1 | Bought a potion of agility for 72 gold pieces
 92182 | Vaults:1 | Bought a potion of resistance for 180 gold pieces
 92182 | Vaults:1 | Bought a potion of curing for 54 gold pieces
 92366 | Vaults:5 | Bought a scroll of identify for 32 gold pieces
 92377 | Vaults:5 | Bought a scroll of identify for 36 gold pieces
 92377 | Vaults:5 | Bought a scroll of identify for 36 gold pieces
 92377 | Vaults:5 | Bought a scroll of identify for 36 gold pieces
 92743 | Hell     | Identified the +5 ring mail of Devotion {MR+} (You found it on level 2 of the Spider Nest)
 92744 | Hell     | Identified the +2 scale mail "Sigaisupn" {-Cast +Blink rElec Int+2 Slay-6} (You found it on level 8 of the Lair of Beasts)
 93181 | Hell     | Found a gateway to the ashen valley of Gehenna.
 93284 | Hell     | Reached skill level 1 in Evocations
 93319 | Hell     | Received a gift from Trog
 93359 | Hell     | Found a gateway to the decaying netherworld of Tartarus.
 93482 | Hell     | Found a gateway to the freezing wastes of Cocytus.
 94449 | D:4      | Noticed a smoke demon
 94449 | D:4      | Noticed a neqoxec
 94451 | D:4      | Fell from the grace of Trog
 94451 | D:4      | Became a worshipper of Makhleb the Destroyer
 94929 | Crypt:1  | Entered Level 1 of the Crypt
 94954 | Crypt:1  | Reached skill level 5 in Evocations
 95026 | Crypt:1  | Acquired Makhleb's first power
 95100 | Crypt:1  | Found a magical portal.
 95247 | WizLab   | Entered The Chambers of Thuanwy the Cloud Mage
 95841 | WizLab   | Identified Moam's Compendium of Damaging Air
 95859 | WizLab   | Identified the Collected Works on Lightness and Arcane Weapons
 95862 | WizLab   | Got a faintly glowing chain mail
 95978 | Crypt:1  | Identified the +3 chain mail of the Doldrums {rPois rN+ rCorr Int+2 Stlth-} (You found it in a wizard's laboratory)
 96353 | Crypt:1  | Noticed Wiglaf
 96374 | Crypt:1  | Killed Wiglaf
 96547 | Crypt:2  | Acquired Makhleb's second power
 96557 | Crypt:2  | Reached XP level 27. HP: 253/256 MP: 10/30
 96666 | Crypt:2  | Noticed Khufu
 96725 | Crypt:2  | Killed Khufu
 96892 | Crypt:2  | Reached skill level 10 in Evocations
 97259 | Crypt:2  | Acquired Makhleb's third power
 98149 | Crypt:2  | Acquired Makhleb's fourth power
 98318 | Crypt:2  | Found a basalt altar of Yredelemnul.
 98378 | Crypt:2  | Identified Ghiosomm's Catalogue of Frigorific Confrontation
 98489 | Crypt:3  | Entered Level 3 of the Crypt
 98810 | Crypt:3  | Reached skill level 5 in Invocations
 98857 | Crypt:3  | Acquired Makhleb's fifth power
 99110 | Crypt:3  | Found a basalt altar of Yredelemnul.
 99931 | Crypt:3  | Reached skill level 10 in Invocations
 99957 | Crypt:3  | Found a staircase to the Tomb.
100674 | Geh:1    | Entered Level 1 of Gehenna
101257 | Geh:7    | Entered Level 7 of Gehenna
101656 | Geh:7    | Gained mutation: You are frail (-10% HP). [mutagenic glow]
101820 | Geh:7    | Reached skill level 15 in Invocations
101829 | Geh:7    | Identified the Almanac of Displacement
102202 | Geh:7    | Noticed Asmodeus
102269 | Geh:7    | Killed Asmodeus
102320 | Geh:7    | Got an obsidian rune of Zot
103312 | Tar:1    | Entered Level 1 of Tartarus
103534 | Tar:2    | Was forgiven by Trog
103596 | Tar:2    | Gained mutation: Potions and wands are less effective at restoring your health. [mutagenic glow]
104065 | Tar:7    | Entered Level 7 of Tartarus
104172 | Tar:7    | Lost intelligence.
105032 | Tar:7    | Got a scorched broad axe
105095 | Tar:7    | Noticed Ereshkigal
105115 | Tar:7    | Killed Ereshkigal
105160 | Tar:7    | Got a bloodstained plate armour
105185 | Tar:7    | Got a bone rune of Zot
105432 | Coc:1    | Entered Level 1 of Cocytus
106174 | Coc:7    | Entered Level 7 of Cocytus
106288 | Coc:7    | Noticed the Serpent of Hell
106747 | Coc:7    | Killed the Serpent of Hell
106747 | Coc:7    | Reached skill level 15 in Evocations
107392 | Coc:7    | Noticed Antaeus
107452 | Coc:7    | Killed Antaeus
107482 | Coc:7    | Got an icy rune of Zot
107593 | Hell     | Lost mutation: You are frail (-10% HP). [potion of cure mutation]
107593 | Hell     | Lost mutation: Potions and wands are less effective at restoring your health. [potion of cure mutation]
107593 | Hell     | Lost mutation: You are resistant to hostile enchantments. [potion of cure mutation]
108022 | Slime:1  | Entered Level 1 of the Pits of Slime
108078 | Slime:1  | Gained mutation: Armour fits poorly on your strangely shaped body. [a shining eye]
108383 | Slime:6  | Entered Level 6 of the Pits of Slime
108446 | Slime:6  | Noticed the royal jelly
108448 | Slime:6  | Found a viscous altar of Jiyva.
108469 | Slime:6  | Killed the royal jelly
108581 | Slime:6  | Identified a +6 rod of ignition (10/10) (You found it on level 6 of the Pits of Slime)
108647 | Slime:6  | Got a slimy iron ring
108648 | Slime:6  | Identified the ring "Psiviom" {+Fly rF+ Dex+2} (You found it on level 6 of the Pits of Slime)
108653 | Slime:6  | Identified Molay's Advanced Guide to Thaumaturgy (You found it on level 6 of the Pits of Slime)
108699 | Slime:6  | Got a slimy rune of Zot
109384 | Dis:1    | Entered Level 1 of the Iron City of Dis
109759 | Dis:3    | Found a burning altar of Makhleb.
110278 | Dis:4    | Gained mutation: Scrolls take you a little longer to read. [mutagenic glow]
110332 | Dis:4    | Gained mutation: You are clumsy. (Dex -2) [mutagenic glow]
110333 | Dis:4    | Lost mutation: You are clumsy. (Dex -2) [potion of cure mutation]
110333 | Dis:4    | Lost mutation: Armour fits poorly on your strangely shaped body. [potion of cure mutation]
110333 | Dis:4    | Lost mutation: Scrolls take you a little longer to read. [potion of cure mutation]
110719 | Dis:4    | Gained mutation: You expend magic power (3 MP) to slightly strengthen your wands. [mutagenic glow]
111355 | Dis:7    | Entered Level 7 of the Iron City of Dis
111844 | Dis:7    | Got a shimmering pewter amulet
111955 | Dis:7    | HP: 11/250 [Hell Sentinel/iron shot (27)]
112173 | Dis:7    | Gained mutation: Armour fits poorly on your strangely shaped body. [a cacodemon]
112585 | Dis:7    | Cast into the Abyss (human zombie)
112634 | Abyss:1  | Reached skill level 27 in Fighting
113349 | Dis:7    | Escaped the Abyss
113429 | Dis:7    | Noticed Dispater
113461 | Dis:7    | Killed Dispater
113468 | Dis:7    | Got an iron rune of Zot
113474 | Dis:7    | Identified the Papyrus of Protection
113707 | Hell     | Identified the amulet "Skuyn" {Gourm rN+ MP+9} (You found it on level 7 of the Iron City of Dis)
113883 | Zig:1    | Entered Level 1 of a ziggurat
113921 | Zig:2    | Entered Level 2 of a ziggurat
113961 | Zig:3    | Entered Level 3 of a ziggurat
113998 | Zig:4    | Entered Level 4 of a ziggurat
114029 | Zig:4    | Identified the Papyrus of Transmutation and Displacement
114038 | Zig:4    | Learned a level 1 spell: Apportation
114041 | Zig:4    | Learned a level 2 spell: Swiftness
114046 | Zig:4    | Learned a level 4 spell: Passage of Golubria
114052 | Zig:4    | Learned a level 5 spell: Phase Shift
114054 | Zig:5    | Entered Level 5 of a ziggurat
114058 | Zig:5    | Noticed Tuoxuwed the pandemonium lord
114084 | Zig:5    | Killed Tuoxuwed the pandemonium lord
114114 | Zig:6    | Entered Level 6 of a ziggurat
114213 | Zig:7    | Entered Level 7 of a ziggurat
114285 | Zig:8    | Entered Level 8 of a ziggurat
114401 | Zig:8    | Learned a level 2 spell: Repel Missiles
114423 | Zig:9    | Entered Level 9 of a ziggurat
114523 | Zig:9    | Got a clouded brass ring
114524 | Zig:9    | Identified the ring of Goekhloena {Fire rPois Int-2 SInv} (You found it on level 9 of a ziggurat)
114549 | Zig:9    | Identified a +8 rod of inaccuracy (14/14) (You found it on level 9 of a ziggurat)
114553 | Zig:10   | Entered Level 10 of a ziggurat
114657 | Zig:10   | Got a glittering tin amulet
114664 | Zig:10   | Identified the amulet of Chexih {+Rage rElec rC+} (You found it on level 10 of a ziggurat)
114685 | Zig:11   | Entered Level 11 of a ziggurat
114736 | Zig:11   | Noticed Pnyiqova the pandemonium lord
114756 | Zig:11   | Killed Pnyiqova the pandemonium lord
115181 | Depths:2 | Voluntarily entered the Abyss.
115280 | Abyss:2  | Paralysed by accursed screaming for 1 turns
115635 | Abyss:2  | Found a corrupted altar of Lugonu.
115721 | Abyss:2  | Gained mutation: Your spells are a little easier to cast, but a little less powerful. [a neqoxec]
116373 | Abyss:3  | Got an abyssal rune of Zot
116475 | Depths:2 | Escaped the Abyss
116710 | Pan      | Entered Pandemonium
117397 | Pan      | Noticed Pridear the pandemonium lord
117484 | Pan      | Killed Pridear the pandemonium lord
117890 | Pan      | Found an exit through the horrors of the Abyss.
119027 | Pan      | Found a gateway to a ziggurat.
119046 | Zig:1    | Entered Level 1 of a ziggurat
119078 | Zig:2    | Entered Level 2 of a ziggurat
119128 | Zig:3    | Entered Level 3 of a ziggurat
119149 | Zig:3    | Got a flickering jade ring
119158 | Zig:3    | Identified the ring "Pli Waho" {MP+9 SInv} (You found it on level 3 of a ziggurat)
119167 | Zig:4    | Entered Level 4 of a ziggurat
119228 | Zig:5    | Entered Level 5 of a ziggurat
119232 | Zig:5    | Noticed an ancient lich
119235 | Zig:5    | Killed an ancient lich
119258 | Zig:6    | Entered Level 6 of a ziggurat
119329 | Zig:6    | Got a crude platinum amulet
119337 | Zig:6    | Identified the amulet "Bofiu" {Faith rC- MR+ Int+4} (You found it on level 6 of a ziggurat)
119547 | Zig:7    | Entered Level 7 of a ziggurat
119630 | Zig:7    | Identified the Collected Works on Protection (You found it on level 7 of a ziggurat)
119638 | Zig:7    | Learned a level 6 spell: Deflect Missiles
119646 | Zig:8    | Entered Level 8 of a ziggurat
119762 | Zig:9    | Entered Level 9 of a ziggurat
119831 | Zig:9    | Got a scintillating lead amulet
119837 | Zig:9    | Got a heavily runed crystal plate armour
119841 | Zig:9    | Identified the amulet of Red Wine {rMut SInv} (You found it on level 9 of a ziggurat)
119863 | Zig:10   | Entered Level 10 of a ziggurat
119873 | Zig:10   | Noticed Frastoiren the pandemonium lord
119902 | Pan      | Identified the +1 crystal plate armour of Ucikkak {Int+5 Stlth+} (You found it on level 9 of a ziggurat)
120250 | Pan      | Found an exit through the horrors of the Abyss.
120265 | Pan      | Took an exit into the Abyss.
120265 | Abyss:1  | Escaped into the Abyss
120300 | Depths:3 | Escaped the Abyss
120496 | Depths:2 | Voluntarily entered the Abyss.
120581 | Abyss:2  | Found a corrupted altar of Lugonu.
120593 | Abyss:2  | Found an opulent altar of Gozag.
121006 | Abyss:5  | Entered Level 5 of the Abyss
121198 | Abyss:5  | Reached skill level 10 in Stealth
121248 | Abyss:5  | Paralysed by accursed screaming for 1 turns
121515 | Abyss:5  | Gained mutation: Scrolls take you a little longer to read. [a neqoxec]
121565 | Abyss:5  | Reached skill level 15 in Stealth
121681 | Abyss:5  | Paralysed by accursed screaming for 1 turns
122014 | Abyss:5  | Paralysed by accursed screaming for 2 turns
122021 | Abyss:5  | Paralysed by accursed screaming for 1 turns
122087 | Abyss:5  | Found a stormy altar of Qazlal.
122226 | Abyss:5  | Found a corrupted altar of Lugonu.
122373 | Abyss:5  | Lost intelligence.
122406 | Depths:2 | Escaped the Abyss
122536 | Hell     | Identified the +0 plate armour of Okawaru's Outrage {+Inv rCorr} (You found it on level 7 of Tartarus)
122550 | Hell     | Lost mutation: Scrolls take you a little longer to read. [potion of cure mutation]
122550 | Hell     | Lost mutation: Armour fits poorly on your strangely shaped body. [potion of cure mutation]
122550 | Hell     | Lost mutation: You expend magic power (3 MP) to slightly strengthen your wands. [potion of cure mutation]
122551 | Hell     | Gained mutation: Your flesh is cold resistant. [potion of beneficial mutation]
122660 | Pan      | Entered Pandemonium
122847 | Pan      | Noticed Mennas
122874 | Pan      | Killed Mennas
122993 | Pan      | Found a runed door.
122995 | Pan      | Gained mutation: You have difficulty communicating with the divine. [a neqoxec]
123023 | Pan      | Found a runed door.
123025 | Pan      | Noticed Bionwoos the pandemonium lord
123033 | Pan      | Killed Bionwoos the pandemonium lord
123105 | Pan      | Found a runed door.
123115 | Pan      | Found a runed door.
123262 | Pan      | Found an exit through the horrors of the Abyss.
124340 | Pan      | Found an exit through the horrors of the Abyss.
124459 | Pan      | Entered the realm of Mnoleg.
124459 | Pan      | Noticed Mnoleg
124464 | Pan      | Gained mutation: You are dopey. (Int -2) [a cacodemon]
124491 | Pan      | Killed Mnoleg
124502 | Pan      | Got a glowing rune of Zot
124686 | Pan      | Lost intelligence.
124690 | Pan      | Gained mutation: Your body is slowly deteriorating. [a neqoxec]
124777 | Pan      | Lost intelligence.
124847 | Pan      | Found an exit through the horrors of the Abyss.
124856 | Pan      | Took an exit into the Abyss.
124856 | Abyss:1  | Escaped into the Abyss
124982 | Abyss:1  | Reached skill level 27 in Axes
125049 | Depths:3 | Escaped the Abyss
125097 | Pan      | Entered Pandemonium
125754 | Pan      | Found a glowing silver altar of Zin.
125853 | Pan      | Identified the Tome of Enhancements and the Blaze
126331 | Pan      | Found a white marble altar of Elyvilon.
127465 | Pan      | Found a glowing golden altar of the Shining One.
127465 | Pan      | Noticed a seraph
127495 | Pan      | Killed a seraph
127540 | Pan      | Got a demonic rune of Zot
127557 | Pan      | Learned a level 4 spell: Control Teleport
127564 | Pan      | Identified Skuecluf's Guide on Damaging Cold
127871 | Pan      | Lost mutation: You have difficulty communicating with the divine. [potion of cure mutation]
127872 | Pan      | Lost mutation: Your body is slowly deteriorating. [potion of cure mutation]
127872 | Pan      | Lost mutation: You are dopey. (Int -2) [potion of cure mutation]
127872 | Pan      | Lost mutation: Your flesh is cold resistant. [potion of cure mutation]
127872 | Pan      | Lost mutation: Your spells are a little easier to cast, but a little less powerful. [potion of cure mutation]
127909 | Pan      | Noticed Shioradyurr the pandemonium lord
128743 | Pan      | Found an exit through the horrors of the Abyss.
128919 | Pan      | Found an exit through the horrors of the Abyss.
128934 | Pan      | Identified a +2 pair of boots of running (You found it in Pandemonium)
128947 | Pan      | Found a runed door.
129087 | Pan      | Noticed Vuykuog the pandemonium lord
129103 | Pan      | Killed Vuykuog the pandemonium lord
129103 | Pan      | Reached skill level 27 in Armour
129544 | Pan      | Found an exit through the horrors of the Abyss.
129628 | Pan      | Gained mutation: Your magical capacity is low (-10% MP). [a cacodemon]
129802 | Pan      | Entered the realm of Gloorx Vloq.
129833 | Pan      | Found an exit through the horrors of the Abyss.
131006 | Pan      | Noticed Gloorx Vloq
131036 | Pan      | Killed Gloorx Vloq
131036 | Pan      | Reached skill level 27 in Dodging
131061 | Pan      | Got a dark rune of Zot
131186 | Pan      | Entered the realm of Lom Lobon.
131308 | Pan      | Found an exit through the horrors of the Abyss.
131855 | Pan      | Noticed Lom Lobon
131876 | Pan      | Killed Lom Lobon
131898 | Pan      | Got a magical rune of Zot
132008 | Pan      | Entered the realm of Cerebov.
132061 | Pan      | Reached skill level 27 in Crossbows
132430 | Pan      | Found an exit through the horrors of the Abyss.
133648 | Pan      | Noticed Cerebov
133686 | Pan      | Killed Cerebov
133977 | Pan      | Got a wavering bone ring
134035 | Pan      | Identified the Tome of Aerial Conjuration
134081 | Pan      | Got a fiery rune of Zot
134151 | Pan      | Took an exit into the Abyss.
134151 | Abyss:1  | Escaped into the Abyss
134229 | Depths:3 | Escaped the Abyss
134238 | Hell     | Identified the ring of Ghyacz Zauh {rPois rF+ MR+ Int+3} (You took it off a balrug in Pandemonium)
134908 | Tomb:1   | Entered Level 1 of the Tomb of the Ancients
135095 | Tomb:1   | Reached skill level 27 in Evocations
140301 | Tomb:3   | Entered Level 3 of the Tomb of the Ancients
140318 | Tomb:3   | Noticed an ancient lich
141204 | Tomb:2   | Killed an ancient lich
142720 | Tomb:3   | Got a golden rune of Zot
142778 | Tomb:3   | Noticed an ancient lich
142780 | Tomb:3   | Killed an ancient lich
143081 | Tomb:3   | Identified Kauwiobubbo's Volume of Ice and Conjuration
143088 | Tomb:3   | Identified Bloin's Handbook of Attacks and Orientation
143095 | Tomb:3   | Got a jewelled plate armour
143097 | Tomb:3   | Identified the +10 plate armour of Unreason {rPois rC+ rN+ Int-2 Dex+4} (You found it on level 3 of the Tomb of the Ancients)
143101 | Tomb:3   | Identified Fosupioz's Reference Book on Dislocation
143106 | Tomb:3   | Got a smoking platinum ring
143107 | Tomb:3   | Identified the ring "Heshevad" {+/*Tele Int+3} (You found it on level 3 of the Tomb of the Ancients)
144060 | Zot:1    | Entered Level 1 of the Realm of Zot
146014 | Zot:3    | Reached skill level 27 in Invocations
147559 | Zot:4    | Noticed an orb of fire
147891 | Zot:4    | Killed an orb of fire
148148 | Zot:5    | Entered Level 5 of the Realm of Zot
148510 | Zot:5    | Noticed an ancient lich
148531 | Zot:5    | Noticed an ancient lich
148532 | Zot:5    | Noticed an orb of fire
148532 | Zot:5    | Noticed an ancient lich
148532 | Zot:5    | Noticed an orb of fire
148543 | Zot:5    | Noticed an ancient lich
148546 | Zot:5    | Noticed an orb of fire
148876 | Zot:5    | Killed an orb of fire
149398 | Zot:5    | Noticed an orb of fire
149405 | Zot:5    | Killed an orb of fire
149410 | Zot:5    | Noticed an ancient lich
149417 | Zot:5    | Noticed an ancient lich
149419 | Zot:5    | Noticed an orb of fire
149419 | Zot:5    | Noticed an orb of fire
149465 | Zot:5    | Killed an orb of fire
149479 | Zot:4    | Killed an orb of fire
149566 | Zot:4    | Killed an ancient lich
149620 | Zot:5    | Killed an ancient lich
149740 | Zot:5    | Killed an ancient lich
149878 | Zot:5    | Killed an orb of fire
149944 | Zot:5    | Gained mutation: You are clumsy. (Dex -2) [an orb of fire]
149949 | Zot:5    | Gained mutation: Your mind is acute. (Int +2) [an orb of fire]
149963 | Zot:5    | Killed an orb of fire
149963 | Zot:5    | Reached skill level 27 in Stealth
149964 | Zot:5    | Reached skill level 1 in Throwing
150000 | Zot:5    | Killed an ancient lich
150227 | Zot:5    | Got the Orb of Zot
150395 | Depths:2 | Noticed Ydghel the pandemonium lord
150793 | D:2      | Noticed Uhiuhees the pandemonium lord
150830 | D:1      | Lost mutation: You are clumsy. (Dex -2) [potion of cure mutation]
150830 | D:1      | Lost mutation: Your mind is acute. (Int +2) [potion of cure mutation]
150830 | D:1      | Lost mutation: Your magical capacity is low (-10% MP). [potion of cure mutation]
150832 | D:$      | Escaped with the Orb!

Action                   |  1- 3 |  4- 6 |  7- 9 | 10-12 | 13-15 | 16-18 | 19-21 | 22-24 | 25-27 || total
-------------------------+-------+-------+-------+-------+-------+-------+-------+-------+-------++-------
Melee: Hand axe          |    78 |   191 |   251 |       |       |       |       |       |       ||   520
       War axe           |       |       |   114 |   596 |       |       |       |       |       ||   710
       Broad axe         |       |       |       |    55 |       |       |       |       |       ||    55
       Executioner's axe |       |       |       |    65 |  1127 |   771 |   871 |  1512 | 11380 || 15726
       Battleaxe         |       |       |       |       |    67 |   830 |   874 |    22 |    74 ||  1867
 Fire: Hunting sling     |       |       |       |     9 |       |       |       |       |       ||     9
       Arbalest          |       |       |       |     2 |    17 |   134 |    52 |    15 |       ||   220
       Triple crossbow   |       |       |       |       |    11 |       |       |       |   648 ||   659
       Blowgun           |       |       |       |       |     1 |     3 |       |       |       ||     4
Throw: Stone             |       |     5 |     5 |       |       |       |       |       |       ||    10
       Tomahawk          |       |     4 |    20 |    46 |       |       |       |       |       ||    70
       Javelin           |       |       |       |       |     2 |       |       |       |       ||     2
Invok: Berserk           |     1 |     3 |     3 |     8 |     6 |     6 |     6 |     2 |     1 ||    36
       Trog's Hand       |       |     1 |     1 |       |     1 |     3 |     5 |       |       ||    11
       Brothers in Arms  |       |       |     1 |     1 |       |     2 |     2 |     9 |     2 ||    17
       Burn Spellbooks   |       |       |       |       |       |     5 |     3 |     2 |     3 ||    13
       Greater Servant o |       |       |       |       |       |       |       |       |    53 ||    53
       Major Destruction |       |       |       |       |       |       |       |       |     8 ||     8
 Abil: Evoke Flight      |       |       |       |       |     1 |     2 |       |       |     3 ||     6
       Stop Flying       |       |       |       |       |       |     1 |       |       |       ||     1
       Evoke Blink       |       |       |       |       |       |       |       |       |    49 ||    49
       Evoke Teleport Co |       |       |       |       |       |       |       |       |     1 ||     1
Evoke: Wand              |       |       |       |       |     4 |     1 |     4 |     3 |    58 ||    70
       Phial of floods   |       |       |       |       |       |       |     2 |       |     5 ||     7
       Lamp of fire      |       |       |       |       |       |       |       |       |     8 ||     8
       Fan of gales      |       |       |       |       |       |       |       |       |     3 ||     3
       Horn of Geryon    |       |       |       |       |       |       |       |       |     3 ||     3
  Use: Scroll            |       |       |       |    13 |    20 |    11 |    12 |    14 |   113 ||   183
       Potion            |       |       |       |       |     1 |     2 |     6 |     1 |    66 ||    76
 Stab: Sleeping          |     1 |       |       |       |       |       |       |       |       ||     1
       Fleeing           |       |       |       |       |     1 |       |       |       |       ||     1
       Confused          |       |       |       |       |       |     1 |       |       |     3 ||     4
       Distracted        |       |       |       |       |       |       |     1 |     4 |    28 ||    33
       Invisible         |       |       |       |       |       |       |       |       |     4 ||     4
       Petrifying        |       |       |       |       |       |       |       |       |     2 ||     2
  Eat: Chunk             |       |     9 |    15 |    21 |    42 |    63 |    57 |    42 |   113 ||   362
       Fruit             |       |     2 |     3 |       |     3 |     6 |    11 |       |    33 ||    58
       Beef jerky        |       |       |     1 |     1 |       |       |       |     3 |     5 ||    10
       Pizza             |       |       |     1 |       |     2 |     1 |     2 |       |    10 ||    16
       Royal jelly       |       |       |     1 |       |       |       |       |       |     1 ||     2
       Meat ration       |       |       |       |     3 |       |       |       |       |    11 ||    14
       Bread ration      |       |       |       |       |     1 |       |       |       |    11 ||    12
